 Dungeon Crawl Stone Soup version 0.27.1-34-g3ba077fa99 (webtiles) character file.

Game seed: 8448309900645590409

22 Delamore the Sneak (level 2, -8/19 HPs)
             Began as an Octopode Brigand on Feb 3, 2022.
             Mangled by Terence (10 damage)
             ... on level 2 of the Dungeon.
             The game lasted 00:00:59 (1008 turns).

Delamore the Sneak (Octopode Brigand)               Turns: 1008, Time: 00:01:00

Health: -8/19      AC:  1    Str: 10    XL:     2   Next: 91%
Magic:  2/2        EV: 12    Int: 13    God:
Gold:   9          SH:  0    Dex: 13    Spells: 1/1 levels left

rFire    . . .     SeeInvis .   a - +2 dagger
rCold    . . .     Faith    .   (no shield)
rNeg     . . .     Spirit   .   (helmet restricted)
rPois    .         Reflect  .   (no amulet)
rElec    .         Harm     .   (no ring)
rCorr    .         Rampage  .   (no ring)
Will     .....                  (no ring)
Stlth    ++++......             (no ring)
HPRegen  0.06/turn              (no ring)
MPRegen  0.08/turn              (no ring)
                                (no ring)
                                (no ring)

@: about to teleport
A: almost no armour, amphibious, 8 rings, camouflage 1, gelatinous body 1,
(nimble swimmer 1), tentacles
a: no special abilities


You were on level 2 of the Dungeon.
You visited 1 branch of the dungeon, and saw 2 of its levels.

You collected 9 gold pieces.

Inventory:

Hand Weapons
 a - a +2 dagger (weapon)
Missiles
 b - 20 poisoned darts (quivered)
 c - 2 curare-tipped darts
Jewellery
 g - an amulet of faith
Scrolls
 e - a scroll of identify {unknown}
 i - a scroll of fog {unknown}
 k - a scroll of summoning {unknown}
 m - a scroll of silence {unknown}
Potions
 j - a potion of magic {unknown}
 l - a potion of flight {unknown}


   Skills:
 - Level 2.0 Fighting
 + Level 2.4 Short Blades
 - Level 2.0 Throwing
 - Level 1.0 Dodging
 * Level 6.2 Stealth


You had one spell level left.
You didn't know any spells.
Your spell library was empty.

Dungeon Overview and Level Annotations

Branches:
Dungeon (2/15)

Altars:

Annotations:
D:2 Terence


Innate Abilities, Weirdness & Mutations

You cannot wear most types of armour.
You are amphibious.
You can wear up to eight rings at the same time.
Your skin changes colour to match your surroundings (Stealth+).
Your rubbery body absorbs attacks. (AC +1, EV +1)
((You are camouflaged near water. (Stealth+)))
You have tentacles for arms and can constrict up to eight enemies at once.


Message History

Terence hits you with a +0 flail.
* * * LOW HITPOINT WARNING * * *
It was a potion of curing.
You feel better. Terence closely misses you.
It was a potion of heal wounds.
You feel much better. Terence barely misses you.
You hit Terence but do no damage. You grab Terence. You squeeze Terence!
Terence is severely wounded.
You constrict Terence, but do no damage.
Terence drinks a potion.
Terence is healed!
You completely miss Terence.
Terence is lightly wounded.
You constrict Terence, but do no damage.
Terence barely misses you.
You barely miss Terence. You squeeze Terence.
Terence is moderately wounded.
You constrict Terence, but do no damage.
Terence hits you with a +0 flail.
You hit Terence but do no damage.
Terence is moderately wounded.
You constrict Terence, but do no damage.
You hit Terence.
Terence is heavily wounded.
You constrict Terence. Terence barely misses you.
You hit Terence. You squeeze Terence, but do no damage.
Terence is severely wounded.
You constrict Terence, but do no damage.
Terence hits you with a +0 flail!
Ouch! That really hurt!
* * * LOW HITPOINT WARNING * * *
You hit Terence. You squeeze Terence, but do no damage.
Terence is severely wounded.
You constrict Terence, but do no damage.
Terence hits you with a +0 flail.
* * * LOW HITPOINT WARNING * * *
Okay, then.
As you read the scroll labelled UCOLOLL WASH, it crumbles to dust.
You feel strangely unstable.
It was a scroll of teleportation.
You constrict Terence. Terence hits you with a +0 flail!
Ouch! That really hurt!
You die...

#####
......#####
#.....##
#####..##
##..##
##..#######
##>.@@S..#
#######.#
#.# ##S#
#..# #.## #
#.# . ##.#
.# ##..#


You could see Terence and an adder.

Vanquished Creatures
  A gnoll (D:1)
  A dart slug (D:1)
  2 ball pythons (D:2)
  3 endoplasms
  2 quokkas
  A frilled lizard (D:1)
10 creatures vanquished.

Notes
Turn   | Place    | Note
-------+----------+-------------------------------------------
     0 | D:1      | Delamore the Octopode Brigand began the quest for the Orb.
     0 | D:1      | Reached XP level 1. HP: 14/14 MP: 1/1
   309 | D:1      | Reached skill level 6 in Stealth
   309 | D:1      | Reached XP level 2. HP: 18/19 MP: 2/2
   347 | D:1      | Found a faded altar of an unknown god.
   955 | D:2      | Noticed Terence
  1008 | D:2      | Mangled by Terence

Illustrated notes

Levels and vault maps discovered:
D:1:      dpeg_arrival_boxorama, layout_basic,
          shapermc_ecumenical_altar_mp_highgroup
D:2:      minmay_skewed_foursquare, layout_rooms, uniq_terence

Skill      XL: |  1 |
---------------+----+-----
Stealth        | 6 |  6.2
Fighting       | |  2.0
Short Blades   | |  2.4
Throwing       | |  2.0
Dodging        | |  1.0

Action                   || total
-------------------------++-------
Melee: Dagger            ||    24
       Tentacles         ||     6
       Constrict         ||     3
  Use: Potion            ||     2
       Scroll            ||     1
 Stab: Sleeping          ||     5
Dodge: Dodged            ||     9
